 Dungeon Crawl Stone Soup version 0.29.0-15-g675c0067aa (webtiles) character file.

Game seed: 17689036019479084890

310 qw the Chopper (level 6, -1/41 HPs)
             Began as a Gargoyle Fighter on Sept 11, 2022.
             Killed from afar by an orc wizard (3 damage)
             ... with a magic dart
             ... on level 4 of the Dungeon.
             The game lasted 00:01:00 (3392 turns).

qw the Chopper (Gargoyle Fighter)                   Turns: 3392, Time: 00:01:01

Health: -1/41      AC: 14    Str: 21    XL:     6   Next: 41%
Magic:  6/6        EV:  9    Int:  9    God:
Gold:   96         SH:  9    Dex:  9    Spells: 5/5 levels left

rFire   . . .      SeeInvis .   Y - +0 war axe (vorpal)
rCold   . . .      Faith    .   c - +0 buckler
rNeg    + . .      Spirit   .   b - +0 scale mail
rPois   inf        Reflect  +   (no helmet)
rElec   +          Harm     .   (no cloak)
rCorr   .          Rampage  .   (no gloves)
Will    .....                   (no boots)
Stlth   ..........              p - amulet of reflection
HPRegen 0.13/turn               (no ring)
MPRegen 0.10/turn               (no ring)

@: no status effects
A: sickness immunity, AC +4, negative energy resistance 1, electricity
resistance, torment resistance 1, petrification resistance, iridescent scales 1,
robust 1, shaggy fur 1
a: no special abilities


You were on level 4 of the Dungeon.
You visited 1 branch of the dungeon, and saw 4 of its levels.

You collected 96 gold pieces.


Innate Abilities, Weirdness & Mutations

You are immune to sickness and miasma.
Your stone body is resilient. (AC +4)
You are immune to poison.
You resist negative energy. (rN+)
You are resistant to electric shocks. (rElec)
You are resistant to unholy torment.
You are immune to petrification.
You are partially covered in iridescent scales. (AC +2)
You are robust. (+10% HP)
You are covered in fur. (AC +1)


   Skills:
 - Level 4.2 Fighting
 - Level 5.3 Axes
 - Level 3.2 Armour
 + Level 0.8 Dodging
 - Level 3.2 Shields


You had 5 spell levels left.
You didn't know any spells.
Your spell library was empty.

Inventory:

Hand Weapons
 f - a +0 flail
 Y - a +0 vorpal war axe (weapon)
Armour
 b - a +0 scale mail (worn)
 c - a +0 buckler (worn)
Jewellery
 p - an amulet of reflection (around neck)
Scrolls
 i - a scroll of identify
Potions
 a - a potion of attraction {unknown}
 d - a potion of might
 e - a potion of brilliance {unknown}
 g - a potion of heal wounds {unknown}
 h - a potion of invisibility {unknown}
 l - a potion of mutation
 m - a potion of resistance {unknown}
 n - a potion of flight {unknown}
 o - a potion of curing {unknown}

Dungeon Overview and Level Annotations

Branches:
Dungeon (4/15)
 Temple: D:4-7

Altars:
Ashenzari
Kikubaaqudgha
Qazlal
Wu Jian
Zin
The Shining One


Message History

A magic dart appears from out of thin air!
The magic dart hits you. The orc hits you with a +0 trident.
Something hits you but does no damage.
You feel a genetic drift.
Iridescent scales grow over part of your body.
You no longer feel a hidden potential within.
Something hits you. The orc hits you but does no damage.
You feel less confused. You block the orc's attack.
Something hits you but does no damage.
You closely miss the orc. You miss something.
The orc hits you but does no damage. Something hits you but does no damage.
You closely miss the orc. You closely miss something.
The orc closely misses you. Something completely misses you.
You hit the orc.
The orc is severely wounded.
You closely miss something. You block the orc's attack.
Something completely misses you.
You completely miss the orc.
The orc is severely wounded.
You miss something. The orc hits you but does no damage.
Something hits you but does no damage. You block the orc's attack.
Something hits you but does no damage.
You closely miss the orc.
The orc is severely wounded.
You hit something but do no damage. You block the orc's attack.
Something hits you.
You slash the orc!
You kill the orc!
You completely miss something. You block something's attack.
You miss something. Something hits you but does no damage.
You closely miss something. Something hits you but does no damage.
Something hits you.
You barely miss something.
You hear some strange, mumbled words.
A magic dart appears from out of thin air!
The magic dart hits you.
You die...

....#.........#
....#.........#
....#.........#
#...#.........#
#...#.........#
..?.#.........#
....#.....######+####
###.#.....#.........#
..#.#.....#....)@...#
_.#.#.....'...)){...#
..###.....#....)....#
''#.......#.####...##
..#..######.# #...#
7.'..# ... ..###
7.'<.# .... ..#
7.'..# .....#...#
..#..# ....###...#


There were no monsters in sight!

Vanquished Creatures
  A necrophage (D:4)
  An orc priest (D:4)
  A hound (D:3)
  Natasha (D:3)
  An orc wizard (D:4)
  4 gnolls (D:4)
  4 adders
  2 dart slugs (D:1)
  3 orcs
  5 ball pythons
  5 endoplasms
  A giant cockroach (D:4)
  2 goblins
  3 hobgoblins
  7 jackals
  5 bats
  4 frilled lizards
  8 kobolds
  2 rats
60 creatures vanquished.

Notes
Turn   | Place    | Note
-------+----------+-------------------------------------------
     0 | D:1      | qw the Gargoyle Fighter began the quest for the Orb.
     0 | D:1      | Reached XP level 1. HP: 14/14 MP: 1/1
     0 | D:1      | 0 ||| qw: Version: 0.1-a-119-g272c26d
     0 | D:1      | 0 ||| qw: Game counter: 10648
     0 | D:1      | 0 ||| qw: Always use a shield: true
     0 | D:1      | 0 ||| qw: God list: Okawaru
     0 | D:1      | 0 ||| qw: Allow faded altars: false
     0 | D:1      | 0 ||| qw: Do Orc after D:15 true
     0 | D:1      | 0 ||| qw: Do second Lair branch before Depths: true
     0 | D:1      | 0 ||| qw: Lair rune preference: random
     0 | D:1      | 0 ||| qw: Plans: Normal, Zot, God:TSO, Crypt, Tomb, Pan,
                  | Slime, Hells, Zig, Abyss, Orb
     0 | D:1      | 0 ||| PLANNING D:1-11
    33 | D:1      | Reached skill level 2 in Axes
   242 | D:1      | 242 ||| Stepping ~*~*~tactically~*~*~ (stealth).
   289 | D:1      | Reached XP level 2. HP: 19/19 MP: 2/2
   324 | D:1      | 324 ||| Stepping ~*~*~tactically~*~*~ (stealth).
   325 | D:1      | 325 ||| Stepping ~*~*~tactically~*~*~ (stealth).
   696 | D:1      | Reached skill level 3 in Axes
   823 | D:1      | Reached XP level 3. HP: 23/23 MP: 3/3
   988 | D:1      | 988 ||| UPGRADING to amulet of regeneration.
   993 | D:1      | 993 ||| READING 2 scrolls labelled ASURCH MUCS.
   996 | D:1      | 996 ||| READING 2 scrolls labelled HEMU MICUIW.
   997 | D:1      | 997 ||| READING scroll labelled VYUZXA GAWUO.
   998 | D:1      | 998 ||| READING scroll labelled DUARUM JUMOVO LAJ.
  1336 | D:2      | Found a faded altar of an unknown god.
  1608 | D:2      | 1608 ||| Stepping ~*~*~tactically~*~*~ (stealth).
  1614 | D:2      | Reached XP level 4. HP: 28/28 MP: 4/4
  1616 | D:2      | 1616 ||| Stepping ~*~*~tactically~*~*~ (stealth).
  1721 | D:2      | Found an ornate altar of the Wu Jian Council.
  1729 | D:2      | 1729 ||| Stepping ~*~*~tactically~*~*~ (stealth).
  1771 | D:2      | 1771 ||| DROPPING amulet of the acrobat.
  1772 | D:2      | 1772 ||| UPGRADING to amulet of reflection.
  1782 | D:2      | 1782 ||| DROPPING amulet of regeneration.
  1783 | D:2      | 1783 ||| READING scroll labelled WUECEICUTS.
  1784 | D:2      | 1784 ||| DRINKING 2 bubbling blue potions.
  1784 | D:2      | Gained mutation: You have hidden genetic potential. [potion
                  | of mutation]
  1784 | D:2      | Gained mutation: You are covered in fur. (AC +1) [potion of
                  | mutation]
  1868 | D:3      | Reached skill level 4 in Axes
  1921 | D:3      | 1921 ||| DROPPING +0 mace.
  2069 | D:3      | Found a broken altar of Ashenzari.
  2132 | D:3      | Found a stormy altar of Qazlal.
  2254 | D:3      | 2254 ||| Stepping ~*~*~tactically~*~*~ (stealth).
  2489 | D:3      | Found a glowing golden altar of the Shining One.
  2525 | D:3      | Noticed Natasha
  2533 | D:3      | Killed Natasha
  2621 | D:3      | 2621 ||| READING scroll labelled GOPE DUNUO.
  2622 | D:3      | 2622 ||| DRINKING 2 silvery potions.
  2723 | D:3      | 2723 ||| DROPPING potion of ambrosia.
  2796 | D:4      | Found a glowing silver altar of Zin.
  2797 | D:4      | Noticed a necrophage
  2798 | D:4      | 2798 ||| STAIRDANCE
  2806 | D:3      | Reached XP level 5. HP: 27/32 MP: 5/5
  2830 | D:3      | Gained mutation: You are robust. (+10% HP) [hidden
                  | potential]
  2885 | D:4      | Reached skill level 5 in Axes
  2909 | D:4      | 2909 ||| Stepping ~*~*~tactically~*~*~ (hiding).
  2927 | D:4      | Reached XP level 6. HP: 20/40 MP: 6/6
  2932 | D:4      | HP: 8/41 [gnoll/+0 halberd (3)]
  2933 | D:4      | 2933 ||| READING scroll of teleportation.
  2936 | D:4      | HP: 2/41 [gnoll/+0 halberd (4)]
  3341 | D:4      | Found an ancient bone altar of Kikubaaqudgha.
  3381 | D:4      | HP: 8/41 [orc/+0 trident (4)]
  3381 | D:4      | Gained mutation: You are partially covered in iridescent
                  | scales. (AC +2) [hidden potential]
  3381 | D:4      | Lost mutation: You have hidden genetic potential. [hidden
                  | potential expressed]
  3388 | D:4      | HP: 5/41 [something (1)]
  3391 | D:4      | HP: 2/41 [something (4)]
  3392 | D:4      | Killed from afar by an orc wizard

Levels and vault maps discovered:
D:1:      kennysheep_arrival_seaside, layout_loops_ring
D:2:      layout_basic, ebering_ecumenical_altar_abandoned, basic_altar,
          chequers_serial_rivers_micro_e, minmay_misc_feat_columns,
          minmay_door_square
D:3:      layout_basic, general_overflow_altar, tso_altar,
          nicolae_ashenzari_panopticon, chequers_garden,
          minmay_misc_feat_rugged, uniq_natasha
D:4:      layout_gridville, mainiacjoe_overflow_big_doors,
          mainiacjoe_overflow_small_starburst, minmay_temple_entry_fiery,
          uniq_grinder

Skill      XL: |  1  2  3  4  5  6 |
---------------+-------------------+-----
Axes           | 2 3 4 5 |  5.3
Fighting       | 4 |  4.2
Armour         | |  3.2
Dodging        | |  0.8
Shields        | |  3.2

Action                   |  1- 3 |  4- 6 || total
-------------------------+-------+-------++-------
Melee: War axe           |    92 |    99 ||   191
  Use: Scroll            |     4 |     3 ||     7
       Potion            |       |     2 ||     2
Armor: Scale mail        |    55 |    53 ||   108
Dodge: Dodged            |    40 |    42 ||    82
Block: Buckler           |    24 |    58 ||    82
       Reflection        |       |     2 ||     2

Table legend:
 A = Non-vault XP
 B = Vault XP
 C = Vault XP percentage of total XP
 D = Non-vault monster count
 E = Vault monster count
 F = Vault count percentage of total count
                 A         B        C        D         E       F
            +---------+---------+-------+---------+---------+-------
      Total |     407 |      36 |   8.1 |      59 |       1 |   1.7
            +---------+---------+-------+---------+---------+-------
        D:1 |      37 |       0 |   0.0 |      20 |       0 |   0.0
        D:2 |      54 |       0 |   0.0 |      19 |       0 |   0.0
        D:3 |      79 |      36 |  31.3 |       9 |       1 |  10.0
        D:4 |     237 |       0 |   0.0 |      11 |       0 |   0.0
            +---------+---------+-------+---------+---------+-------
